 Dungeon Crawl Stone Soup version 0.29.1-2-gbd0b4ee654 (webtiles) character file.

Game seed: 634318432872809273

201041 Prokkis the Black Belt (level 17, -2/143 HPs)
             Began as a Demonspawn Wanderer on Nov 4, 2022.
             Was the Champion of Jiyva.
             Killed from afar by a shock serpent (8 damage)
             ... with an electric aura
             ... on level 2 of the Snake Pit on Nov 13, 2022.
             The game lasted 05:40:16 (27415 turns).

Prokkis the Black Belt (Demonspawn Wanderer)       Turns: 27415, Time: 05:40:17

Health: -2/143     AC: 20    Str: 16    XL:     17   Next: 90%
Magic:  25/33      EV: 19    Int: 27    God:    Jiyva [******]
Gold:   510        SH:  5    Dex: 14    Spells: 1/22 levels left

rFire   + + +      SeeInvis +     - Unarmed
rCold   . . .      Faith    .   (no shield)
rNeg    . . .      Spirit   .   g - +3 salamander hide armour {Flames rF++ rC--}
rPois   +          Reflect  +   R - +3 hat of Noepn {rF+}
rElec   .          Harm     .   d - +0 cloak
rCorr   +          Rampage  .   (gloves unavailable)
rMut    +                       (no boots)
Will    ++...                   Z - amulet of Caseabed {Reflect MP+9 SH+5}
Stlth   ++........              F - +4 ring of protection
HPRegen 1.93/turn               j - ring "Keec Fei" {rPois Int+2 Stlth+}
MPRegen 0.73/turn

@: lethally poisoned (-2 -> -10)
A: claws 3, icy blue scales 3, foul stench 2, demonic magic 2, demonic
willpower, antennae 1, talons 1, see invisible, clever 2, cold resistance 1,
mutation resistance 3, strong 2, gelatinous body 2, MP-powered wands
}: 1/15 runes: barnacled
a: Renounce Religion, Oozemancy, Slimify


You were on level 2 of the Snake Pit.
You worshipped Jiyva.
Jiyva was exalted by your worship.
You visited 5 branches of the dungeon, and saw 28 of its levels.
You visited 1 bazaar.
You also visited: Ossuary, Bailey and Ice Cave.

You collected 1982 gold pieces.
You spent 1472 gold pieces at shops.

Inventory:

Missiles
 H - 8 curare-tipped darts
Armour
 a - a +2 robe of willpower
 d - a +0 cloak (worn)
 g - the +3 salamander hide armour (worn) {Flames rF++ rC--}
   (You found it on level 1 of the Snake Pit)

   It surrounds you with a cloud of flames.
   It grants immunity to clouds of flame.
   It enhances your fire magic.
   rF:        It greatly protects you from fire.
   rC:        It makes you very vulnerable to cold.
 p - a scarf of resistance
 y - +6 acid dragon scales
 R - the +3 hat of Noepn (worn) {rF+}
   (You found it on level 5 of the Lair of Beasts)

   rF:        It protects you from fire.
Jewellery
 h - a ring of ice
 j - the ring "Keec Fei" (right claw) {rPois Int+2 Stlth+}
   (You bought it in a shop in a bazaar)

   [ring of poison resistance]

   Int:       It affects your intelligence (+2).
   rPois:     It protects you from poison.
   Stlth:     It makes you more stealthy.
 s - a +4 ring of protection
 t - a ring of willpower
 F - a +4 ring of protection (left claw)
 U - a +6 ring of dexterity
 Z - the amulet of Caseabed (around neck) {Reflect MP+9 SH+5}
   (You found it on level 3 of the Lair of Beasts)

   [amulet of reflection]

   It reflects blocked missile attacks.
   MP:        It affects your magic capacity (+9).
   SH:        It affects your SH (+5).
Wands
 c - a wand of flame (4)
 K - a wand of paralysis (12)
 N - a wand of digging (9)
 P - a wand of mindburst (5)
Scrolls
 b - 3 scrolls of fear
 f - 6 scrolls of teleportation
 i - 2 scrolls of brand weapon
 m - 4 scrolls of enchant weapon
 n - 2 scrolls of blinking
 o - 3 scrolls of immolation
 u - a scroll of amnesia
 v - 2 scrolls of acquirement {unknown}
 x - a scroll of vulnerability
 I - a scroll of enchant armour
 S - a scroll of fog {unknown}
 V - 2 scrolls of silence
 W - 2 scrolls of summoning
Potions
 e - 2 potions of heal wounds
 k - 6 potions of attraction
 l - 3 potions of invisibility
 q - 3 potions of berserk rage
 r - 3 potions of might
 z - 3 potions of cancellation
 A - 3 potions of magic {unknown}
 B - 5 potions of curing
 C - 2 potions of resistance
 D - 8 potions of flight
 E - 5 potions of brilliance
 G - 2 potions of mutation
 J - 2 potions of ambrosia
 M - 5 potions of lignification
 T - 3 potions of haste
Miscellaneous
 X - a tin of tremorstones (2/2)


   Skills:
 * Level 15.7 Fighting
 - Level 1.0 Throwing
 - Level 3.0 Armour
 + Level 12.6 Dodging
 - Level 1.0 Stealth
 - Level 18.0 Unarmed Combat
 - Level 3.0 Spellcasting
 - Level 1.0 Hexes
 - Level 3.0 Translocations
 - Level 10.0 Transmutations
 - Level 4.0 Ice Magic
 - Level 9.0 Poison Magic
 - Level 10.0 Invocations
 - Level 5.0 Evocations


You had one spell level left.
You knew the following spells:

 Your Spells              Type           Power      Damage    Failure   Level
a - Sting                 Tmut/Pois      100%       1d8       1%          1
b - Alistair's Intoxicat  Tmut/Pois      35%        N/A       6%          5
c - Olgreb's Toxic Radia  Pois           51%        N/A       2%          4
d - Beastly Appendage     Tmut           100%       N/A       1%          1
e - Wereblood             Tmut           55%        N/A       1%          2
f - Blink                 Tloc           40%        N/A       4%          2
g - Ozocubu's Armour      Ice            25%        N/A       6%          3
h - Ignite Poison         Fire/Tmut/Pois 55%        N/A       2%          3

Your spell library contained the following spells:

 Spells                   Type           Power      Damage    Failure   Level
 Apportation              Tloc           40%        N/A       3%          1
 Slow                     Hex            36%        N/A       7%          1
 Foxfire                  Conj/Fire      24%        2x1d5     11%         1
 Magic Dart               Conj           16%        1d3       11%         1
 Necrotise                Necr           16%        1d4       11%         1
 Sandblast                Erth           8%         2d5       11%         1
 Spider Form              Tmut/Pois      53%        N/A       1%          3
 Gell's Gravitas          Tloc           20%        N/A       9%          3
 Mephitic Cloud           Conj/Pois/Air  20%        N/A       9%          3
 Petrify                  Tmut/Erth      31%        N/A       13%         4
 Portal Projectile        Hex/Tloc       28%        N/A       14%         3
 Searing Ray              Conj           8%         2d4       16%         2
 Sublimation of Blood     Necr           4%         N/A       16%         2
 Confusing Touch          Hex            9%         N/A       21%         3
 Tukima's Dance           Hex            9%         N/A       21%         3
 Inner Flame              Hex/Fire       10%        N/A       26%         3
 Conjure Flame            Conj/Fire      6%         6-21      30%         3
 Vampiric Draining        Necr           4%         2d6       30%         3
 Passage of Golubria      Tloc           20%        N/A       30%         4
 Yara's Violent Unravell  Hex/Tmut       16%        3d8       30%         5
 Irradiate                Conj/Tmut      15%        3d16      36%         5
 Fulminant Prism          Conj/Hex       3%         3d6       63%         4
 Leda's Liquefaction      Hex/Erth       3%         N/A       63%         4
 Flame Wave               Conj/Fire      6%         2d5       71%         4
 Summon Lightning Spire   Summ/Air       4%         N/A       71%         4
 Metabolic Englaciation   Hex/Ice        8%         N/A       71%         5
 Summon Forest            Summ/Tloc      6%         N/A       83%         5
 Freezing Cloud           Conj/Ice/Air   5%         6-21      86%         5
 Summon Mana Viper        Hex/Summ       6%         N/A       93%         5
 Agony                    Necr           4%         N/A       96%         5
 Borgnjor's Vile Clutch   Necr/Erth      2%         N/A       96%         5
 Iron Shot                Conj/Erth      2%         9d2       100%        6
 Simulacrum               Ice/Necr       7%         N/A       100%        6
 Summon Cactus Giant      Summ           2%         N/A       100%        6
 Ozocubu's Refrigeration  Ice            12%        4d10      100%        7
 Lehudib's Crystal Spear  Conj/Erth      2%         10d2      100%        8
 Fire Storm               Conj/Fire      3%         8d1       100%        9


Dungeon Overview and Level Annotations

Branches:
Dungeon (15/15)            Temple (0/1) D:4            Lair (5/5) D:9
 Shoals (4/4) Lair:3        Snake (2/4) Lair:3        Slime (0/5) Lair:5
    Orc (2/2) D:11            Elf (0/3) Orc:2        Vaults (0/5) D:14
 Depths (0/4) D:15        Ossuary (visited)          Bailey (visited)
  IceCv (visited)

Altars:
Ashenzari
Cheibriados
Dithmenos
Hepliaklqana
Kikubaaqudgha
Makhleb
Qazlal
Sif Muna
Trog
Jiyva
Lugonu

Shops:
Orc:2 ?(*(   Shoals:3 =:   Snake:1 [   Snake:2 *(=*[

Portals:
Abyss: Lair:5
Trove: D:10 (give +6 demon blade)

Annotations:
D:3 exclusion: door
Lair:2 exclusion: black mamba
Shoals:2 3 runed translucent doors, exclusion: 3 doors
Snake:2 Aizul


Innate Abilities, Weirdness & Mutations

You have claws for hands.
You are completely covered in icy blue scales. (AC +4, rC+)
You sometimes emit foul miasma when damaged in melee.
Spells you cast may paralyse nearby enemies.
You punish those that try to bend your will. (Will+)
You have a pair of small antennae on your head.
You have sharp toenails.
You have supernaturally acute eyesight. (SInv)
Your mind is very acute. (Int +8, Str/Dex -2)
Your flesh is cold resistant. (rC+)
You are almost entirely resistant to further mutation and mutation removal.
Your muscles are very strong. (Str +8, Int/Dex -2)
Your pliable body absorbs attacks. (AC +2, EV +2)
You expend magic power (3 MP) to strengthen your wands.


Message History

You are more poisoned.
You miss Aizul. You claw Aizul. Your claw misses Aizul.
Aizul is severely wounded.
You feel sick.
Aizul is engulfed in blazing flames.
Aizul hits you but does no damage.
The naga sharpshooter shoots an arrow.
The arrow hits you but does no damage.
You barely miss Aizul. Your kick misses Aizul.
Aizul is severely wounded.
You feel sick.
The shock serpent shoots out a bolt of lightning at you!
The bolt of electricity hits you!
* * * LOW HITPOINT WARNING * * *
Aizul is engulfed in blazing flames.
Aizul closely misses you.
You feel much better.
You feel sick.
The shock serpent shoots out a bolt of lightning at you!
The bolt of electricity hits you!!
* * * LOW HITPOINT WARNING * * *
Aizul is engulfed in blazing flames.
Aizul casts a spell at you. The poison arrow hits you!
You are more poisoned.
You partially resist.
* * * LOW HITPOINT WARNING * * *
The naga sharpshooter gestures wildly while chanting.
The naga sharpshooter magically shoots an arrow.
The arrow hits you!
* * * LOW HITPOINT WARNING * * *
The shock serpent shoots out a bolt of lightning at you!
The bolt of electricity misses you.
You feel very sick.
Aizul is engulfed in blazing flames.
Aizul coils herself and waves her upper body at you.
The poison arrow hits you!
You are more poisoned.
You partially resist.
* * * LOW HITPOINT WARNING * * *
The shock serpent is engulfed in blazing flames.
The shock serpent bites you but does no damage.
The shock serpent's electric aura discharges, shocking you!
You die...

*,<,,,* **,** *,,,,,* *,,,*
***,,,***********,**********
***,,,,,,,,,,,,,*,,,*.,,,,,,*
*,,,,,*******,,,,,∩,..,,***,**
*,,..,,* ***,*,,.#,****,,,**
*,,...,* *##,∩.#** *,,,,,
***#..,* ###S#...#.****,,,,,
#.#*######☼@SN.∩...,,***,*,,
#.###.....☼§☼#...#.,,,,,,*,,
#.....########*,##********,,
#....## *,,,* **, #....# **,**
*, #....#### *,* *****
###.......# **,* *,,,,
#....##########*,,* *,,,,
#...#.°.○°°○°.#*∆** *,,,,


You could see Aizul, a naga sharpshooter and a shock serpent (poisoned).

Vanquished Creatures
  Jorgrun (Orc:1)
  3 sphinxes (Shoals:4)
  Frances (Shoals:1)
  Ilsuiw (Shoals:2)
  2 frost giants (IceCv)
  The ghost of Voland the Transmogrifier, a journeyman MfTm of Ru (Shoals:2)
  A very ugly thing (D:15)
  Azrael (Orc:2)
  Nessos (Orc:2)
  A white draconian (IceCv)
  A minotaur (Shoals:4)
  The ghost of Gipsiqug the Carver, a journeyman MiHW of Jiyva (Lair:3)
  7 merfolk impalers
  Snorg (Orc:2)
  2 merfolk javelineers (Shoals:4)
  9 hydras
  A salamander tyrant (Snake:1)
  3 anacondas
  4 boulder beetles
  3 merfolk avatars
  Harold (D:10)
  3 ironbound frosthearts (IceCv)
  7 satyrs (Shoals:4)
  3 two-headed ogres
  16 centaur warriors
  2 catoblepae (D:13)
  2 merfolk aquamancers
  5 death yaks (Lair:5)
  4 thrashing horrors (Lair:5)
  2 shock serpents (Snake:2)
  An orc high priest (Orc:2)
  Urug (D:11)
  2 naga sharpshooters
  Sonja (Lair:2)
  A deep elf knight (D:14)
  Amaemon (Lair:3)
  A fire crab (shapeshifter) (D:13)
  2 salamander mystics (Snake:1)
  2 skeletal warriors
  11 sea snakes
  A naga ritualist (Snake:1)
  5 orc knights
  A lindwurm (Lair:5)
  2 mana vipers
  An orange crystal statue (IceCv)
  A deep elf pyromancer (D:13)
  A deep elf zephyrmancer (D:14)
  25 harpies
  4 orc sorcerers
  36 ugly things
  22 manticores
  13 fauns (Shoals:4)
  7 cyclopes
  A manticore (shapeshifter) (D:14)
  6 salamanders (Snake:1)
  7 merfolk sirens
  8 elephants
  3 water nymphs
  A guardian serpent (Snake:2)
  A smoke demon (Lair:5)
  9 black mambas
  A gargoyle (D:9)
  5 naga magi
  A cane toad (shapeshifter) (D:15)
  10 cane toads
  An orange demon (Lair:3)
  3 centaur skeletons (D:14)
  Maggie (D:8)
  4 unseen horrors
  12 komodo dragons
  An efreet (D:15)
  13 rime drakes
  4 ancient zymes (Lair:5)
  A tengu conjurer (D:13)
  A kobold demonologist (D:13)
  A freezing wraith (D:14)
  A yaktaur (shapeshifter) (D:15)
  A guardian mummy (D:10)
  A meliai (shapeshifter) (D:13)
  5 wind drakes
  4 trolls
  19 polar bears (IceCv)
  43 merfolk
  10 dream sheep
  18 blink frogs
  A dream sheep (shapeshifter) (Lair:5)
  12 snapping turtles
  A ynoxinul (Lair:5)
  4 vampires
  A shadow (D:9)
  6 wyverns
  10 water elementals
  A spriggan (Lair:5)
  5 wraiths
  Eustachio (D:8)
  2 fire elementals (Orc:2)
  53 yaks
  5 basilisks
  2 chaos spawn (Lair:5)
  A steam dragon (D:9)
  13 vampire mosquitoes
  7 wargs
  An acid dragon (D:11)
  2 hell hounds (Orc:2)
  6 nagas
  2 large abominations (Lair:5)
  20 water moccasins
  2 sky beasts (D:8)
  Duvessa (D:4)
  2 black bears
  26 orc warriors
  7 ogres
  4 ice beasts
  10 wolves
  13 centaurs
  4 kobold brigands
  13 bullfrogs
  2 scorpions
  11 killer bees
  3 howler monkeys
  3 electric eels (Lair:2)
  A gnoll bouda (D:9)
  A hound (D:6)
  20 orc priests
  2 iguanas
  34 orc wizards
  7 small abominations (Lair:5)
  2 mummies (Ossuary)
  5 adders
  6 gnolls
  A shadow imp (D:7)
  3 ufetubi
  2 worms (D:3)
  A dart slug (D:1)
  72 orcs
  3 endoplasms (D:1)
  2 giant cockroaches
  2 gnoll zombies (Ossuary)
  12 goblins
  7 hobgoblins
  3 jackals (D:3)
  16 kobolds
  4 quokkas
  2 ball pythons
  6 bats
  2 frilled lizards
  A goblin zombie (Ossuary)
  A hobgoblin zombie (Ossuary)
  2 kobold zombies (Ossuary)
  3 rats (D:1)
  A plant (Shoals:1)
910 creatures vanquished.

Vanquished Creatures (collateral kills)
  A merfolk javelineer (Shoals:2)
  2 orc sorcerers (Orc:2)
  3 fauns (Shoals:2)
  A water nymph (Shoals:2)
  A snapping turtle (Shoals:2)
  An orc warrior (Orc:2)
  2 orc priests (Orc:2)
11 creatures vanquished.

Vanquished Creatures (others)
  A very ugly thing (D:15)
  A rakshasa (D:15)
  A centaur warrior (D:14)
  The ghost of Tyszek the Cleaver, a novice MiFi of the Shining One (Lair:1)
  2 skeletal warriors (D:13)
  A glowing orange brain (D:15)
  3 ugly things (D:15)
  A cyclops (D:14)
  An elephant (Lair:3)
  A water nymph (Shoals:2)
  A centaur skeleton (D:14)
  2 komodo dragons (Lair:3)
  A yaktaur (D:14)
  20 slime creatures
  2 blink frogs
  A dream sheep (Shoals:1)
  2 basilisks
  4 yaks
  A naga (Snake:2)
  4 water moccasins
  A sky beast (shapeshifter) (Lair:5)
  A floating eye (shapeshifter) (D:13)
  3 centaurs (D:13)
  A phantom (D:5)
  3 bullfrogs
  A gnoll sergeant (D:8)
  A scorpion (D:4)
  A necrophage (D:7)
  A wight (D:8)
  Dowan (D:4)
  A killer bee (D:9)
  129 jellies
  A howler monkey (D:7)
  A hound (D:7)
  An orc priest (D:7)
  2 iguanas
  An orc wizard (D:11)
  A mummy (Ossuary)
  2 gnolls (D:9)
  An adder (D:6)
  A white imp (D:6)
  4 orcs
  An endoplasm (Lair:3)
  11 kobolds
  3 kobold zombies (Ossuary)
  2 bushes (Lair:5)
  A butterfly (Lair:3)
  75 fungi
  205 plants
508 creatures vanquished.

Grand Total: 1429 creatures vanquished

Notes
Turn   | Place    | Note
-------+----------+-------------------------------------------
     0 | D:1      | Prokkis the Demonspawn Wanderer began the quest for the
                  | Orb.
     0 | D:1      | Prokkis set off with the following items: a +0 dagger, a
                  | scroll of fear, a +0 robe, a +0 cloak; and the following
                  | spells available to memorise: Sting, Slow, Spider Form,
                  | Olgreb's Toxic Radiance, Portal Projectile.
     0 | D:1      | Reached XP level 1. HP: 13/13 MP: 2/2
     2 | D:1      | Learned a level 1 spell: Sting
   298 | D:1      | Reached skill level 1 in Transmutations
   361 | D:1      | Gained mutation: Spells you cast may paralyse adjacent
                  | enemies. [demonic ancestry]
   361 | D:1      | Reached XP level 2. HP: 19/19 MP: 0/3
   813 | D:1      | Found a faded altar of an unknown god.
  1117 | D:1      | Prayed at the altar of an unknown god.
  1117 | D:1      | Became a worshipper of Jiyva Jyotidir the Shapeless
  1117 | D:1      | Reached * piety under Jiyva
  1180 | D:2      | Gained mutation: You may rarely emit foul miasma when
                  | damaged in melee. [demonic ancestry]
  1180 | D:2      | Reached XP level 3. HP: 24/24 MP: 4/4
  1379 | D:2      | You fall into a shaft and drop 2 floors!
  1386 | D:4      | Reached ** piety under Jiyva
  1475 | D:3      | Found a shimmering blue altar of Sif Muna.
  1585 | D:2      | Reached XP level 4. HP: 31/31 MP: 3/5
  1833 | D:3      | Found a bloodstained altar of Trog.
  1896 | D:3      | Reached skill level 1 in Fighting
  1903 | D:3      | Reached skill level 1 in Unarmed Combat
  1907 | D:3      | Learned a level 3 spell: Spider Form
  2253 | D:4      | Noticed a scorpion
  2298 | D:4      | Noticed Dowan
  2433 | D:4      | Reached *** piety under Jiyva
  2505 | D:4      | Found a staircase to the Ecumenical Temple.
  2506 | D:4      | Gained mutation: You are covered in slimy tendrils that may
                  | disarm your opponents. [Jiyva's grace]
  2506 | D:4      | Gained mutation: Your system is resistant to poisons.
                  | (rPois) [Jiyva's grace]
  2506 | D:4      | Gained mutation: You have a small jelly attached to you
                  | that senses nearby items. [Jiyva's grace]
  2506 | D:4      | Gained mutation: Your spells are a little harder to cast,
                  | but a little more powerful. [Jiyva's grace]
  2534 | D:4      | Gained mutation: You are partially covered in icy blue
                  | scales. (AC +2) [demonic ancestry]
  2534 | D:4      | Reached XP level 5. HP: 28/37 MP: 4/6
  2601 | D:4      | Noticed Duvessa
  2619 | D:4      | Killed Duvessa
  2637 | D:4      | Reached XP level 6. HP: 43/43 MP: 7/7
  2951 | D:4      | Killed Dowan
  3201 | D:5      | Entered Level 5 of the Dungeon
  3259 | D:5      | Reached skill level 5 in Poison Magic
  3351 | D:5      | Reached skill level 2 in Unarmed Combat
  3537 | D:5      | Reached **** piety under Jiyva
  3550 | D:5      | Gained mutation: You are mostly covered in icy blue scales.
                  | (AC +3) [demonic ancestry]
  3550 | D:5      | Reached XP level 7. HP: 48/48 MP: 6/9
  4089 | D:6      | Reached skill level 3 in Unarmed Combat
  4089 | D:6      | Reached skill level 5 in Transmutations
  4495 | D:6      | Reached skill level 5 in Invocations
  4640 | D:6      | Gained mutation: You have sharp fingernails. [demonic
                  | ancestry]
  4640 | D:6      | Reached XP level 8. HP: 54/54 MP: 7/11
  5325 | D:7      | Reached skill level 4 in Unarmed Combat
  5454 | D:7      | Lost mutation: Your spells are a little harder to cast, but
                  | a little more powerful. [Jiyva's grace]
  5454 | D:7      | Lost mutation: You are covered in slimy tendrils that may
                  | disarm your opponents. [Jiyva's grace]
  5454 | D:7      | Lost mutation: You have a small jelly attached to you that
                  | senses nearby items. [Jiyva's grace]
  5454 | D:7      | Gained mutation: You have a small jelly attached to you
                  | that senses nearby items. [Jiyva's grace]
  5454 | D:7      | Gained mutation: You are strong-willed. (Will+) [Jiyva's
                  | grace]
  5454 | D:7      | Gained mutation: You are highly strong-willed. (Will++)
                  | [Jiyva's grace]
  5454 | D:7      | Gained mutation: You are extremely strong-willed. (Will+++)
                  | [Jiyva's grace]
  6033 | D:7      | Reached ***** piety under Jiyva
  6614 | D:8      | Found a flagged portal.
  6644 | Bailey   | Entered a bailey
  6715 | Bailey   | Gained mutation: You have very sharp fingernails. [demonic
                  | ancestry]
  6715 | Bailey   | Reached XP level 9. HP: 61/61 MP: 9/14
  6778 | Bailey   | Reached skill level 5 in Unarmed Combat
  6811 | Bailey   | Noticed an orc knight
  6811 | Bailey   | Noticed an orc knight
  6878 | Bailey   | Killed an orc knight
  6983 | Bailey   | Killed an orc knight
  6984 | Bailey   | Reached skill level 6 in Unarmed Combat
  7059 | Bailey   | Noticed an orc knight
  7105 | Bailey   | Killed an orc knight
  7106 | Bailey   | Reached skill level 5 in Fighting
  7183 | D:8      | Found a sand-covered staircase.
  7188 | Ossuary  | Entered an ossuary
  7359 | Ossuary  | Lost mutation: You are extremely strong-willed. (Will+++)
                  | [Jiyva's grace]
  7359 | Ossuary  | Lost mutation: You are highly strong-willed. (Will++)
                  | [Jiyva's grace]
  7359 | Ossuary  | Gained mutation: Your mind is acute. (Int +4, Str/Dex -1)
                  | [Jiyva's grace]
  7359 | Ossuary  | Gained mutation: Your mind is very acute. (Int +8, Str/Dex
                  | -2) [Jiyva's grace]
  7359 | Ossuary  | Gained mutation: You have a pair of small antennae on your
                  | head. [Jiyva's grace]
  7359 | Ossuary  | Gained mutation: You have a pair of antennae on your head.
                  | [Jiyva's grace]
  7609 | D:8      | Noticed Maggie
  7711 | D:8      | Reached XP level 10. HP: 74/74 MP: 14/17
  7768 | D:8      | Learned a level 4 spell: Olgreb's Toxic Radiance
  7815 | D:8      | Noticed Eustachio
  7881 | D:8      | Killed Eustachio
  7964 | D:8      | Reached skill level 7 in Unarmed Combat
  8112 | D:8      | Killed Maggie
  8458 | D:8      | Found a hazy altar of Hepliaklqana.
  8577 | D:9      | Reached skill level 10 in Invocations
  8851 | D:9      | Noticed a gargoyle
  8940 | D:9      | Reached skill level 8 in Unarmed Combat
  8963 | D:9      | Found a staircase to the Lair.
  9035 | D:9      | Killed a gargoyle
  9085 | D:9      | Lost mutation: You have a pair of antennae on your head.
                  | [Jiyva's grace]
  9085 | D:9      | Lost mutation: You are strong-willed. (Will+) [Jiyva's
                  | grace]
  9085 | D:9      | Gained mutation: You have an increased reservoir of magic.
                  | (+10% MP) [Jiyva's grace]
  9085 | D:9      | Gained mutation: You have a considerably increased
                  | reservoir of magic. (+20% MP) [Jiyva's grace]
  9085 | D:9      | Gained mutation: You have a greatly increased reservoir of
                  | magic. (+30% MP) [Jiyva's grace]
  9085 | D:9      | Gained mutation: You have a small jelly attached to you
                  | that may absorb projectiles. [Jiyva's grace]
  9205 | D:9      | Found a shadowy altar of Dithmenos.
  9346 | D:9      | Found a broken altar of Ashenzari.
  9347 | D:9      | Found an ancient bone altar of Kikubaaqudgha.
  9347 | D:9      | Found a burning altar of Makhleb.
  9526 | D:10     | Entered Level 10 of the Dungeon
  9669 | D:10     | Gained mutation: You sometimes emit foul miasma when
                  | damaged in melee. [demonic ancestry]
  9669 | D:10     | Reached XP level 11. HP: 84/84 MP: 19/24
  9678 | D:10     | Reached skill level 9 in Unarmed Combat
  9758 | D:10     | Found a portal to a secret trove of treasure.
  9874 | D:10     | Found a snail-covered altar of Cheibriados.
  9934 | D:10     | Noticed Harold
  9965 | D:10     | Killed Harold
 10759 | Lair:1   | Entered Level 1 of the Lair of Beasts
 10780 | Lair:1   | Reached skill level 10 in Unarmed Combat
 10787 | Lair:1   | Killed Tyszek's ghost
 11001 | Lair:1   | Noticed a four-headed hydra
 11011 | Lair:1   | Killed a four-headed hydra
 11014 | Lair:1   | Reached skill level 1 in Armour
 11150 | Lair:1   | Found a runed translucent gate.
 11150 | Lair:1   | Found a runed translucent gate.
 11151 | Lair:1   | Found a runed translucent gate.
 11158 | Lair:1   | Found a viscous altar of Jiyva.
 11197 | Lair:1   | Gained mutation: You punish those that try to bend your
                  | will. (Will+) [demonic ancestry]
 11197 | Lair:1   | Reached XP level 12. HP: 94/94 MP: 10/25
 11225 | Lair:1   | Lost mutation: Your mind is very acute. (Int +8, Str/Dex
                  | -2) [Jiyva's grace]
 11225 | Lair:1   | Gained mutation: You have supernaturally acute eyesight.
                  | (SInv) [Jiyva's grace]
 11225 | Lair:1   | Gained mutation: Your flesh is cold resistant. (rC+)
                  | [Jiyva's grace]
 11225 | Lair:1   | Gained mutation: Your flesh is very cold resistant. (rC++)
                  | [Jiyva's grace]
 11225 | Lair:1   | Gained mutation: Your flesh is almost immune to the effects
                  | of cold. (rC+++) [Jiyva's grace]
 11473 | Lair:1   | Reached skill level 11 in Unarmed Combat
 11995 | Lair:2   | Noticed Sonja
 12008 | Lair:2   | Killed Sonja
 12669 | Lair:3   | Learned a level 1 spell: Beastly Appendage
 12673 | Lair:3   | Learned a level 2 spell: Wereblood
 12704 | Lair:3   | Found a staircase to the Snake Pit.
 12832 | Lair:3   | Noticed Gipsiqug's ghost (journeyman MiHW)
 12833 | Lair:3   | Found a transporter.
 12929 | Lair:3   | Noticed a boulder beetle
 12941 | Lair:3   | Killed a boulder beetle
 12998 | Lair:3   | Lost mutation: Your flesh is almost immune to the effects
                  | of cold. (rC+++) [Jiyva's grace]
 12998 | Lair:3   | Lost mutation: You have a greatly increased reservoir of
                  | magic. (+30% MP) [Jiyva's grace]
 12998 | Lair:3   | Lost mutation: Your system is resistant to poisons. (rPois)
                  | [Jiyva's grace]
 12998 | Lair:3   | Lost mutation: You have a small jelly attached to you that
                  | senses nearby items. [Jiyva's grace]
 12998 | Lair:3   | Gained mutation: You are strong-willed. (Will+) [Jiyva's
                  | grace]
 12998 | Lair:3   | Gained mutation: You are highly strong-willed. (Will++)
                  | [Jiyva's grace]
 12998 | Lair:3   | Gained mutation: You are extremely strong-willed. (Will+++)
                  | [Jiyva's grace]
 12998 | Lair:3   | Gained mutation: You are covered in slimy tendrils that may
                  | disarm your opponents. [Jiyva's grace]
 13030 | Lair:3   | Found a staircase to the Shoals.
 13110 | Lair:3   | Found a transporter.
 13600 | Lair:3   | Noticed Amaemon
 13615 | Lair:3   | Killed Amaemon
 13616 | Lair:3   | Reached skill level 12 in Unarmed Combat
 13894 | Lair:4   | Gained mutation: You have claws for hands. [demonic
                  | ancestry]
 13894 | Lair:4   | Reached XP level 13. HP: 94/101 MP: 20/24
 14489 | Lair:4   | Lost mutation: You have a considerably increased reservoir
                  | of magic. (+20% MP) [Jiyva's grace]
 14489 | Lair:4   | Lost mutation: You have an increased reservoir of magic.
                  | (+10% MP) [Jiyva's grace]
 14489 | Lair:4   | Gained mutation: Your flesh is almost immune to the effects
                  | of cold. (rC+++) [Jiyva's grace]
 14489 | Lair:4   | Gained mutation: You have sharp toenails. [Jiyva's grace]
 14489 | Lair:4   | Gained mutation: You have razor-sharp toenails. [Jiyva's
                  | grace]
 14489 | Lair:4   | Gained mutation: You have claws for feet. [Jiyva's grace]
 14710 | Lair:5   | Entered Level 5 of the Lair of Beasts
 14798 | Lair:4   | Reached skill level 5 in Dodging
 15131 | Lair:5   | Reached skill level 10 in Fighting
 15172 | Lair:5   | Identified the +3 hat of Noepn {rF+}
 15301 | Lair:5   | Reached skill level 13 in Unarmed Combat
 15404 | Lair:5   | Found a corrupted altar of Lugonu.
 15404 | Lair:5   | Found a one-way gate to the infinite horrors of the Abyss.
 15732 | Lair:5   | Found a viscous altar of Jiyva.
 15742 | Lair:5   | Found a staircase to the Slime Pits.
 15875 | Lair:5   | Reached XP level 14. HP: 111/111 MP: 18/21
 16263 | D:11     | Found a staircase to the Orcish Mines.
 16306 | D:11     | Noticed Urug
 16317 | D:11     | Killed Urug
 16384 | D:11     | Found a stormy altar of Qazlal.
 17044 | D:12     | Lost mutation: You have claws for feet. [Jiyva's grace]
 17044 | D:12     | Lost mutation: You have supernaturally acute eyesight.
                  | (SInv) [Jiyva's grace]
 17044 | D:12     | Lost mutation: Your flesh is almost immune to the effects
                  | of cold. (rC+++) [Jiyva's grace]
 17044 | D:12     | Lost mutation: Your flesh is very cold resistant. (rC++)
                  | [Jiyva's grace]
 17044 | D:12     | Lost mutation: You are extremely strong-willed. (Will+++)
                  | [Jiyva's grace]
 17044 | D:12     | Lost mutation: You are covered in slimy tendrils that may
                  | disarm your opponents. [Jiyva's grace]
 17044 | D:12     | Gained mutation: Your flesh is very cold resistant. (rC++)
                  | [Jiyva's grace]
 17044 | D:12     | Gained mutation: Your flesh is almost immune to the effects
                  | of cold. (rC+++) [Jiyva's grace]
 17044 | D:12     | Gained mutation: Your rubbery body absorbs attacks. (AC +1,
                  | EV +1) [Jiyva's grace]
 17044 | D:12     | Gained mutation: Your pliable body absorbs attacks. (AC +2,
                  | EV +2) [Jiyva's grace]
 17369 | D:13     | Reached skill level 14 in Unarmed Combat
 18684 | Orc:1    | Entered Level 1 of the Orcish Mines
 18685 | Orc:1    | Noticed Jorgrun
 18697 | Orc:1    | Killed Jorgrun
 18698 | Orc:1    | Reached skill level 10 in Transmutations
 19285 | Orc:2    | Entered Level 2 of the Orcish Mines
 19285 | Orc:2    | Found a burning altar of Makhleb.
 19294 | Orc:2    | Reached skill level 15 in Unarmed Combat
 19299 | Orc:2    | Noticed Nessos
 19309 | Orc:2    | Killed Nessos
 19310 | Orc:2    | Reached XP level 15. HP: 111/120 MP: 4/22
 19321 | Orc:2    | Noticed Azrael
 19362 | Orc:2    | Lost mutation: You are highly strong-willed. (Will++)
                  | [Jiyva's grace]
 19362 | Orc:2    | Gained mutation: You have a beak for a mouth. [Jiyva's
                  | grace]
 19362 | Orc:2    | Gained mutation: You have supernaturally acute eyesight.
                  | (SInv) [Jiyva's grace]
 19362 | Orc:2    | Gained mutation: You are somewhat resistant to further
                  | mutation. [Jiyva's grace]
 19362 | Orc:2    | Gained mutation: You are somewhat resistant to both further
                  | mutation and mutation removal. [Jiyva's grace]
 19462 | Orc:2    | Killed Azrael
 19528 | Orc:2    | Found a staircase to the Elven Halls.
 19617 | Orc:2    | Noticed Snorg
 19627 | Orc:2    | Killed Snorg
 19769 | Orc:2    | Found Diommuf's Weapon Shop.
 19769 | Orc:2    | Found Umonuj's Magic Scroll Shop.
 19769 | Orc:2    | Found Kyuvick's Assorted Antiques.
 19778 | Orc:2    | Found Delilep's Weapon Boutique.
 19783 | Orc:2    | Bought a scroll of teleportation for 90 gold pieces
 19783 | Orc:2    | Bought a scroll of identify for 60 gold pieces
 19784 | Orc:2    | Bought a scroll of identify for 28 gold pieces
 19784 | Orc:2    | Bought a scroll of silence for 133 gold pieces
 19784 | Orc:2    | Bought a scroll of summoning for 133 gold pieces
 19784 | Orc:2    | Bought a scroll of noise for 14 gold pieces
 20316 | D:14     | Got the Compendium of the Fiery Jaunt
 20481 | D:14     | Found a gate to the Vaults.
 20870 | D:15     | Entered Level 15 of the Dungeon
 21009 | D:15     | Found a staircase to the Depths.
 21091 | D:15     | Found a frozen archway.
 21100 | IceCv    | Entered an ice cave
 21131 | IceCv    | Reached skill level 16 in Unarmed Combat
 21574 | IceCv    | Noticed a frost giant
 21575 | IceCv    | Noticed a frost giant
 21589 | IceCv    | Killed a frost giant
 21600 | IceCv    | Killed a frost giant
 21604 | IceCv    | Gained mutation: You are completely covered in icy blue
                  | scales. (AC +4, rC+) [demonic ancestry]
 21604 | IceCv    | Reached XP level 16. HP: 74/130 MP: 14/23
 21644 | IceCv    | Identified the +6 flail "Toaptan" {spect, Fragile Str+7
                  | Int+5}
 21774 | D:15     | Reached skill level 1 in Evocations
 22215 | D:15     | Lost mutation: Your mind is acute. (Int +4, Str/Dex -1)
                  | [Jiyva's grace]
 22215 | D:15     | Lost mutation: Your pliable body absorbs attacks. (AC +2,
                  | EV +2) [Jiyva's grace]
 22215 | D:15     | Gained mutation: Your melee attacks may engulf your foes in
                  | ooze. [Jiyva's grace]
 22215 | D:15     | Gained mutation: You expend magic power (3 MP) to
                  | strengthen your wands. [Jiyva's grace]
 22215 | D:15     | Gained mutation: Your spells are a little harder to cast,
                  | but a little more powerful. [Jiyva's grace]
 22215 | D:15     | Gained mutation: Your spells are harder to cast, but more
                  | powerful. [Jiyva's grace]
 22526 | Lair:3   | Reached skill level 10 in Dodging
 22558 | Lair:3   | Killed Gipsiqug's ghost
 22563 | Lair:3   | Identified the amulet of Caseabed {Reflect MP+9 SH+5}
 22614 | Shoals:1 | Entered Level 1 of the Shoals
 22677 | Shoals:1 | Reached skill level 17 in Unarmed Combat
 22961 | Shoals:1 | Noticed Frances
 22972 | Shoals:1 | Killed Frances
 23609 | Shoals:2 | Found a runed translucent gate.
 23610 | Shoals:2 | Found a runed translucent gate.
 23611 | Shoals:2 | Found a runed translucent gate.
 23640 | Shoals:2 | Noticed Ilsuiw
 23679 | Shoals:2 | Killed Ilsuiw
 23887 | Shoals:2 | Identified the +7 shortbow of the Forgotten Invaders
                  | {vorpal, Fragile rElec rPois Str+2}
 24167 | Shoals:2 | Found a runed translucent door.
 24176 | Shoals:2 | Noticed Voland's ghost (journeyman MfTm)
 24411 | Shoals:2 | Killed Voland's ghost
 24425 | Shoals:2 | Learned a level 2 spell: Blink
 24429 | Shoals:2 | Learned a level 3 spell: Ozocubu's Armour
 24572 | Shoals:3 | Lost mutation: Your flesh is almost immune to the effects
                  | of cold. (rC+++) [Jiyva's grace]
 24572 | Shoals:3 | Lost mutation: You are strong-willed. (Will+) [Jiyva's
                  | grace]
 24572 | Shoals:3 | Lost mutation: Your spells are harder to cast, but more
                  | powerful. [Jiyva's grace]
 24572 | Shoals:3 | Lost mutation: Your spells are a little harder to cast, but
                  | a little more powerful. [Jiyva's grace]
 24572 | Shoals:3 | Lost mutation: Your rubbery body absorbs attacks. (AC +1,
                  | EV +1) [Jiyva's grace]
 24572 | Shoals:3 | Lost mutation: You have a small jelly attached to you that
                  | may absorb projectiles. [Jiyva's grace]
 24572 | Shoals:3 | Gained mutation: You have a small jelly attached to you
                  | that senses nearby items. [Jiyva's grace]
 24572 | Shoals:3 | Gained mutation: You are almost entirely resistant to
                  | further mutation and mutation removal. [Jiyva's grace]
 24572 | Shoals:3 | Gained mutation: Your rubbery body absorbs attacks. (AC +1,
                  | EV +1) [Jiyva's grace]
 24572 | Shoals:3 | Gained mutation: Your pliable body absorbs attacks. (AC +2,
                  | EV +2) [Jiyva's grace]
 24621 | Shoals:3 | Found Zarghufau's Jewellery Shoppe.
 24627 | Shoals:3 | Reached skill level 1 in Translocations
 24632 | Shoals:3 | Reached skill level 1 in Ice Magic
 24778 | Shoals:3 | Gained mutation: Spells you cast may paralyse nearby
                  | enemies. [demonic ancestry]
 24778 | Shoals:3 | Reached XP level 17. HP: 80/139 MP: 24/24
 24933 | Shoals:3 | Found Uhiwog's Book Shoppe.
 24944 | Shoals:3 | Bought a book of Party Tricks for 208 gold pieces
 24944 | Shoals:3 | Bought a Trismegistus Codex for 364 gold pieces
 24948 | Shoals:3 | Learned a level 3 spell: Ignite Poison
 25354 | Shoals:4 | Entered Level 4 of the Shoals
 25507 | Shoals:4 | Reached skill level 5 in Evocations
 25524 | Shoals:4 | Reached ****** piety under Jiyva
 25588 | Shoals:4 | Reached skill level 18 in Unarmed Combat
 25820 | Shoals:4 | Got Noraevip's Monograph on Clay
 25857 | Shoals:4 | Reached skill level 15 in Fighting
 25923 | Shoals:4 | Got a barnacled rune of Zot
 26038 | Shoals:4 | Identified the +12 long sword "Inyb" {elec, rC+}
 26154 | Shoals:4 | Identified the amulet "Ureami" {Faith Str+4}
 26158 | Shoals:4 | Got the Grimoire of the Petrous Zephyr
 26282 | Snake:1  | Entered Level 1 of the Snake Pit
 26390 | Snake:1  | Learned a level 5 spell: Alistair's Intoxication
 26689 | Snake:1  | Found the +3 salamander hide armour {Flames rF++ rC--}
 26834 | Snake:1  | Found Sutoro's Antique Armour Emporium.
 27032 | Snake:2  | Found Disoiren's General Store.
 27105 | Snake:2  | Found Upton's Armour Shop.
 27159 | Snake:2  | Found Pukodghao's Jewellery Shop.
 27199 | Snake:2  | Found a flickering gateway to a bazaar.
 27219 | Bazaar   | Entered a bazaar
 27219 | Bazaar   | Found Hukhir's Jewellery Shop.
 27241 | Bazaar   | Found Pyzypr Liphu's Assorted Antiques.
 27243 | Bazaar   | Found Vyhe's General Store.
 27253 | Bazaar   | Bought a scroll of identify for 16 gold pieces
 27253 | Bazaar   | Bought a potion of lignification for 24 gold pieces
 27254 | Bazaar   | Found Elemn's Jewellery Emporium.
 27260 | Bazaar   | Lost mutation: You have a beak for a mouth. [Jiyva's grace]
 27260 | Bazaar   | Lost mutation: You have razor-sharp toenails. [Jiyva's
                  | grace]
 27260 | Bazaar   | Lost mutation: Your flesh is very cold resistant. (rC++)
                  | [Jiyva's grace]
 27260 | Bazaar   | Lost mutation: You have a small jelly attached to you that
                  | senses nearby items. [Jiyva's grace]
 27260 | Bazaar   | Lost mutation: Your melee attacks may engulf your foes in
                  | ooze. [Jiyva's grace]
 27260 | Bazaar   | Gained mutation: Your mind is acute. (Int +4, Str/Dex -1)
                  | [Jiyva's grace]
 27260 | Bazaar   | Gained mutation: Your mind is very acute. (Int +8, Str/Dex
                  | -2) [Jiyva's grace]
 27260 | Bazaar   | Gained mutation: Your muscles are strong. (Str +4, Int/Dex
                  | -1) [Jiyva's grace]
 27260 | Bazaar   | Gained mutation: Your muscles are very strong. (Str +8,
                  | Int/Dex -2) [Jiyva's grace]
 27262 | Bazaar   | Bought the ring "Keec Fei" {rPois Int+2 Stlth+} for 374
                  | gold pieces
 27265 | Bazaar   | Found Metawn's Jewellery Emporium.
 27290 | Bazaar   | Bought a coppery potion for 28 gold pieces
 27392 | Snake:2  | Found Ixovidyj's Weapon Boutique.
 27394 | Snake:2  | Noticed Aizul
 27399 | Snake:2  | Found Kinuoru's General Store.
 27415 | Snake:2  | HP: 6/143 [Aizul/poison arrow (17)]
 27415 | Snake:2  | Killed from afar by a shock serpent

Illustrated notes

Levels and vault maps discovered:
D:1:      psy_arrival_whirlpool, layout_rooms,
          hellmonk_ecumenical_altar_crossroads, dk_noncrumbling_2,
          chequers_serial_rivers_micro_b
D:2:      layout_rooms, minmay_split_cup_large
D:3:      layout_rooms, mainiacjoe_overflow_24_doors, led_sif_book
D:4:      layout_loops_ring, minmay_temple_entry_tees, uniq_duvessa
D:5:      layout_rooms, bh_walls_and_bars
D:6:      layout_layer_cave
D:7:      layout_layer_cave, nicolae_concentric_dashed_squares_mild
D:8:      layout_basic, general_overflow_altar, enter_bailey_5, enter_ossuary_2,
          sword_in_stone, uniq_maggie
D:9:      layout_stronghold, minitemple, minmay_lair_entry_grove,
          kennysheep_cluttered_room
D:10:     layout_gridville, nicolae_overflow_crystal_walls,
          nicolae_trove_entry_path_of_doom, lemuel_flame_loot_1, uniq_harold
D:11:     layout_big_octagon, david_orc_4, grunt_qazlal_clouds, uniq_urug
D:12:     layout_basic
D:13:     layout_long_grid, st_stairs_6, kennysheep_kite_vault
D:14:     layout_roguey, hangedman_vaults_entry_quadrant_bands, tso_altar,
          minivault_11, minivault_25_ag
D:15:     gammafunk_enter_depths_forms, layout_basic,
          portal_ice_cave_entry_ugly_swarm, minmay_misc_feat_secret_circle
Lair:1:   layout_chaotic_city, gammafunk_ghost_ooze, grunt_megastairs_2
Lair:2:   layout_regular_city, bh_autumn_forest_stairs, serial_bayou_shore_a,
          grunt_megastairs_5, serial_bayou_shore_b, uniq_sonja
Lair:3:   layout_cave_pods, minmay_shoals_entry_lonely_mermaid,
          guppyfry_snake_entry_island, gammafunk_ghost_arena,
          lemuel_fruit_fields, infiniplex_staircase_pool_2, lemuel_fruit_tree,
          uniq_amaemon
Lair:4:   layout_regular_city
Lair:5:   hellmonk_lair_end_abyssal_woods, layout_long_grid,
          dpeg_slime_entry_corner, st_stairs_10
Shoals:1: layout_shoals, nicolae_shoals_nautilus_by_nature,
          nicolae_shoals_square_sea_wall, uniq_frances
Shoals:2: layout_shoals, ebering_ghost_reflecting_pool,
          nicolae_shoals_beach_cooler, uniq_ilsuiw
Shoals:3: layout_shoals, serial_shops, nicolae_lakefront_shop,
          minmay_shop_enchanted_jewellery
Shoals:4: shoals_end_hellmonk_lost_city
Snake:1:  layout_layer_cave, serial_shops, nicolae_shop_statue_plus,
          hellmonk_guarded_unrand_salamander
Snake:2:  nicolae_snake_unarmed_stairs_patrol, layout_misc_corridors,
          serial_shops, bzr_firewalk, nicolae_shop_waterfront,
          nicolae_stop_n_shop_1, shop_statue, minmay_shop_star, uniq_aizul
Orc:1:    cheibrodos_orc_guarddog, layout_caves, basic_altar, uniq_jorgrun
Orc:2:    st_orc_mages, layout_caves, basic_altar, uniq_nessos, uniq_azrael,
          uniq_snorg

Skill      XL: |  1  2  3  4  5  6  7  8  9 10 11 12 13 14 15 16 17 |
---------------+----------------------------------------------------+-----
Transmutations | 1 2 3 4 5 7 8 10 | 10.0
Fighting       | 1 2 5 7 8 9 10 11 13 14 15 | 15.7
Unarmed Combat | 1 2 3 4 6 8 10 12 13 15 16 17 18 | 18.0
Invocations    | 2 3 5 7 9 10 | 10.0
Poison Magic   | 5 6 8 9 |  9.0
Armour         | 2 3 |  3.0
Dodging        | 2 4 6 8 9 11 12 | 12.6
Spellcasting   | 2 3 |  3.0
Evocations     | 4 5 |  5.0
Translocations | 1 3 |  3.0
Ice Magic      | 1 4 |  4.0
Throwing       | |  1.0
Stealth        | |  1.0
Hexes          | |  1.0

Action                   |  1- 3 |  4- 6 |  7- 9 | 10-12 | 13-15 | 16-18 || total
-------------------------+-------+-------+-------+-------+-------+-------++-------
Melee: Dagger            |    50 |       |       |       |       |       ||    50
       Unarmed           |    32 |    60 |   150 |   604 |  1053 |   718 ||  2617
       Punch             |     1 |       |     5 |    55 |   112 |   106 ||   279
       Kick              |       |       |       |    42 |   397 |   280 ||   719
       Peck              |       |       |       |       |   103 |   175 ||   278
Throw: Dart              |       |    10 |    34 |     5 |     1 |       ||    50
       Javelin           |       |       |       |       |     6 |       ||     6
 Cast: Sting             |    44 |    76 |    89 |   123 |    26 |    33 ||   391
       Spider Form       |       |       |     1 |       |       |       ||     1
       Olgreb's Toxic Ra |       |       |       |    56 |   124 |   124 ||   304
       Beastly Appendage |       |       |       |    14 |     1 |       ||    15
       Wereblood         |       |       |       |    12 |    15 |     6 ||    33
       Ignite Poison     |       |       |       |       |       |    39 ||    39
       Alistair's Intoxi |       |       |       |       |       |     3 ||     3
       Blink             |       |       |       |       |       |     1 ||     1
Invok: Oozemancy         |       |     1 |     9 |     9 |    11 |     3 ||    33
       Slimify           |       |       |     1 |     3 |     2 |     1 ||     7
Evoke: Wand              |       |       |    19 |     6 |    30 |     6 ||    61
  Use: Scroll            |       |     3 |     1 |    10 |     5 |    14 ||    33
       Potion            |       |       |       |     1 |     4 |     6 ||    11
 Stab: Paralysed         |     9 |    18 |    17 |    43 |    36 |    23 ||   146
       Sleeping          |     1 |       |       |     1 |       |       ||     2
       Invisible         |       |       |       |       |     1 |     2 ||     3
       Distracted        |       |       |       |       |       |     1 ||     1
Armor: Robe              |    27 |    18 |    52 |    31 |       |       ||   128
       Leather armour    |       |       |       |    47 |       |    18 ||    65
       Acid dragon scale |       |       |       |   226 |   712 |   355 ||  1293
Dodge: Dodged            |    47 |    37 |    91 |   249 |   871 |   550 ||  1845
Block: Other             |       |       |       |       |       |   160 ||   160
       Reflection        |       |       |       |       |       |    16 ||    16
